 Dungeon Crawl Stone Soup version 0.30.1 (webtiles) character file.

Game seed: 12708544946042755479

49 H0rd4k the Charlatan (level 3, -1/23 HPs)
             Began as an Octopode Artificer on July 4, 2023.
             Slain by a gnoll
             ... wielding a +0 whip
              (7 damage)
             ... on level 3 of the Dungeon.
             The game lasted 00:01:43 (1936 turns).

H0rd4k the Charlatan (Octopode Artificer)           Turns: 1936, Time: 00:01:44

Health: -1/23      AC:  1    Str: 11    XL:     3   Next: 75%
Magic:  3/3        EV: 13    Int: 15    God:
Gold:   130        SH:  0    Dex: 12    Spells: 2/2 levels left

rFire   + .          .
                       - Unarmed
rCold   + . .        (no shield)
rNeg    . . .        (helmet restricted)
rPois   .            (no amulet)
rElec   .            k - ring of protection from cold
rCorr   .            f - ring of protection from fire
SInv    .            (no ring)
Will    .....        (no ring)
Stlth   +++          (no ring)
HPRegen 0.23/turn    (no ring)
MPRegen 0.08/turn    (no ring)
                     (no ring)

%: no passive effects
@: no status effects
A: almost no armour, amphibious, 8 rings, camouflage 1, gelatinous body 1,
(nimble swimmer 1), tentacles
a: no special abilities


You were on level 3 of the Dungeon.
You visited 1 branch of the dungeon, and saw 3 of its levels.

You collected 130 gold pieces.

Inventory:

Jewellery
 f - a ring of protection from fire (right tentacle)
 k - a ring of protection from cold (left tentacle)
Wands
 b - a wand of flame (15) (quivered)
 c - a wand of charming (13)
 d - a wand of iceblast (5)
Scrolls
 a - a scroll of enchant armour {unknown}
 h - 2 scrolls of fear {unknown}
 i - 5 scrolls of identify {unknown}
 j - 3 scrolls of blinking {unknown}
 n - 3 scrolls of vulnerability {unknown}
 o - a scroll of torment {unknown}
 p - a scroll of silence {unknown}
 q - a scroll of teleportation {unknown}
Potions
 e - a potion of haste {unknown}
 g - a potion of brilliance {unknown}
 l - 2 potions of might {unknown}
 m - a potion of mutation {unknown}
 r - a potion of berserk rage {unknown}
 s - a potion of heal wounds {unknown}


   Skills:
 + Level 1.3 Fighting
 + Level 2.9 Dodging
 + Level 2.0 Stealth
 + Level 1.3 Unarmed Combat
 + Level 3.9 Evocations


You had 2 spell levels left.
You didn't know any spells.
Your spell library contained the following spells:

 Spells                   Type           Power      Damage    Failure   Level
 Necrotise                Necr           0%         1d4       26%         1
 Vampiric Draining        Necr           0%         2d6       63%         3
 Agony                    Necr           0%         N/A       100%        5


Dungeon Overview and Level Annotations

Branches:
Dungeon (3/15)

Altars:
Trog
The Shining One

Shops:
D:1 [

Annotations:
D:2 exclusion: downstairs


Innate Abilities, Weirdness & Mutations

You cannot wear most types of armour.
You are amphibious.
You can wear up to eight rings at the same time.
Your skin changes colour to match your surroundings (Stealth+).
Your rubbery body absorbs attacks. (AC +1, EV +1)
((You are camouflaged when in or above water. (Stealth+)))
You have tentacles for arms and can constrict up to eight enemies at once.


Message History

You see here 3 boomerangs.
Key pressed, stopping explore.
No target in view!
An endoplasm is nearby!
The endoplasm quivers.
An endoplasm is nearby!
The endoplasm hits you.
An endoplasm is nearby!
You tentacle-slap the endoplasm.
The endoplasm is almost dead.
The endoplasm hits you.
You tentacle-slap the endoplasm but do no damage.
You squeeze the endoplasm.
You kill the endoplasm!
Your Stealth skill increases to level 2!
No target in view!
Key pressed, stopping explore.
No target in view!
Key pressed, stopping explore.
No target in view!
A gnoll is nearby!
A gnoll is nearby!
The gnoll hits you with a +0 whip!
The gnoll shouts!
You tentacle-slap the gnoll. You grab the gnoll. You squeeze the gnoll!
The gnoll is severely wounded.
You constrict the gnoll. The gnoll hits you with a +0 whip!
There are monsters nearby!
You are too injured to fight recklessly!
You barely miss the gnoll.
The gnoll is severely wounded.
You constrict the gnoll, but do no damage.
The gnoll hits you with a +0 whip.
* * * LOW HITPOINT WARNING * * *
Aiming: Charm
Press: ? - help, Shift-Dir - straight line, f - gnoll
Aim: a gnoll, wielding a +0 whip (severely wounded, constricted by you, chance to affect: 67%)
The gnoll struggles to resist.
You constrict the gnoll. The gnoll hits you with a +0 whip!
You die...

.### #.# ## . ##... #.#
.## #g###...# #.# . ..#
#..#..#.######.# ##. ..#
#....).......# #.. ..#
#..g#.#####..# #.# ..#
#.....#####..# #.#
..######
######.g..........# #.#
........
.......@.......#g####.##
..######
##.......#####.>..g..gb<
........ ....#...##
###.####.## ..###### #..
#.<.########.# #.##
.....# # ###.#........#
#.## ..##.#
#.#.###########.##
####.# #.#.#
#.........## ...#.#
#.#.###.##########
##.#.# #.......# #.


You could see 2 gnolls.

Vanquished Creatures
  A worm (D:3)
  A dart slug (D:3)
  8 endoplasms
  A giant cockroach (D:1)
  5 goblins
  3 hobgoblins
  2 quokkas
  3 ball pythons
  5 bats
  2 frilled lizards (D:2)
  5 kobolds
  4 rats
40 creatures vanquished.

Notes
Turn   | Place    | Note
-------+----------+-------------------------------------------
     0 | D:1      | H0rd4k the Octopode Artificer began the quest for the Orb.
     0 | D:1      | Reached XP level 1. HP: 13/13 MP: 1/1
   114 | D:1      | Found Utsiyck's Antique Armour Boutique.
   278 | D:1      | Reached XP level 2. HP: 14/18 MP: 2/2
  1065 | D:2      | Reached XP level 3. HP: 23/23 MP: 3/3
  1279 | D:2      | Reached skill level 1 in Unarmed Combat
  1511 | D:3      | Found a glowing golden altar of the Shining One.
  1559 | D:3      | Found a bloodstained altar of Trog.
  1936 | D:3      | Slain by a gnoll

Illustrated notes

Levels and vault maps discovered:
D:1:      dpeg_arrival_boxorama, layout_rooms, serial_shops,
          nicolae_shop_crystal, minmay_tetromino_t4
D:2:      layout_rooms
D:3:      layout_loops_ring, tso_metal_star, old_standard_altar

Skill      XL: |  1  2  3 |
---------------+----------+-----
Unarmed Combat | 1 |  1.3
Stealth        | 2 |  2.0
Fighting       | |  1.3
Dodging        | |  2.9
Evocations     | |  3.9

Action                     || total
---------------------------++-------
  Melee: Unarmed           ||   120
         Tentacles         ||    30
         Constrict         ||    28
         Punch             ||     1
  Evoke: Wand              ||     2
   Stab: Sleeping          ||    10
 Armour: Skin              ||    10
  Dodge: Dodged            ||    77
